 Dungeon Crawl Stone Soup version 0.22-a0-417-g1387785 (webtiles) character file.

50 Kairos the Covered (level 3, 30/30 HPs)
             Began as a Barachi Fighter on May 14, 2018.
             Quit the game on level 2 of the Dungeon.
             The game lasted 00:01:45 (1101 turns).

Kairos the Covered (Barachi Fighter)                Turns: 1101, Time: 00:01:46

Health: 30/30      AC:  7    Str: 18    XL:     3   Next: 79%
Magic:  3/3        EV:  7    Int:  8    God:
Gold:   17         SH:  9    Dex: 11    Spells: 2/2 levels left

rFire    . . .     SeeInvis .   a - +0 war axe
rCold    . . .     Gourm    .   c - +0 shield
rNeg     . . .     Faith    .   b - +0 scale mail
rPois    .         Spirit   .   (no helmet)
rElec    .         Reflect  .   (no cloak)
rCorr    .         Harm     .   (no gloves)
MR       .....                  (no boots)
Stlth    ..........             (no amulet)
HPRegen  0.10/turn              m - ring of flight
MPRegen  0.08/turn              (no ring)

@: slow
A: +LOS, swims, slowness 1, strong legs 1
a: Hop, Evoke Flight


You were on level 2 of the Dungeon.
You were not hungry.

You visited 1 branch of the dungeon, and saw 2 of its levels.

You collected 17 gold pieces.

Inventory:

Hand Weapons
 a - a +0 war axe (weapon)
Missiles
 g - 6 javelins (quivered)
Armour
 b - a +0 scale mail (worn)
 c - a +0 shield (worn)
Jewellery
 m - a ring of flight (left hand)
Scrolls
 e - 2 scrolls of identify {unknown}
 i - a scroll of random uselessness {unknown}
 j - a scroll of immolation {unknown}
 l - 3 scrolls of remove curse {unknown}
Potions
 d - a potion of might
 h - a potion of haste {unknown}
 k - 2 potions of agility {unknown}
Comestibles
 f - 2 rations


   Skills:
 + Level 3.9 Fighting
 + Level 3.3 Axes
 + Level 4.0 Armour
 + Level 0.2 Dodging
 + Level 3.7 Shields


You had 2 spell levels left.
You didn't know any spells.
Your spell library was empty.

Dungeon Overview and Level Annotations

Branches:
Dungeon (2/15)

Altars:
The Shining One


Innate Abilities, Weirdness & Mutations

Shadows flee at your approach. (+LOS)
You can swim through water.
You cover ground slowly.
You can hop short distances.


Message History

No target in view!
No target in view!
No target in view!
No target in view!
No target in view!
No target in view!
No target in view!
No target in view!
No target in view!
No target in view!
No target in view!
Saving game... please wait.
Welcome back, Kairos the Barachi Fighter.
Press ? for a list of commands and other information.
Are you sure you want to abandon this character and quit the game? (Confirm with "yes".)
Okay, then.
Unknown command.
Unknown command.
Unknown command.
Are you sure you want to abandon this character and quit the game? (Confirm with "yes".)

##.. #.####..#.#.#
##... #.......#.#.#
#....########.##.#.#
.............##.#.#
#........†..##.#.#
#...........##.#.#
#...........##.#..
#...........# .#
#####...@.......#
###
#......†........#
#..
.................#
#.#
.........$.......#
...................
##...............##.
#.......#...###.#
#.......##..# .#
##### #.......# ..#
# .....


There were no monsters in sight!

Vanquished Creatures
  An adder (D:2)
  An ooze (D:1)
  A leopard gecko (D:1)
  2 giant cockroaches (D:1)
  3 goblins (D:1)
  4 hobgoblins
  3 jackals (D:1)
  A ball python (D:1)
  8 bats
  4 frilled lizards
  4 kobolds (D:1)
  2 rats (D:1)
34 creatures vanquished.

Notes
Turn   | Place    | Note
-------+----------+-------------------------------------------
     0 | D:1      | Kairos the Barachi Fighter began the quest for the Orb.
     0 | D:1      | Reached XP level 1. HP: 18/18 MP: 1/1
   104 | D:1      | Found a glowing golden altar of the Shining One.
   167 | D:1      | Reached XP level 2. HP: 25/25 MP: 2/2
   316 | D:1      | Reached XP level 3. HP: 18/30 MP: 3/3
   800 | D:1      | Reached skill level 4 in Armour
  1101 | D:2      | Quit the game

Vault maps used:
D:1:      saegor_arrival_simple_e, tso_altar
D:2:      marbit_many_paths, first_ration, nrook_mini_backslash

Skill      XL: |  1  2  3 |
---------------+----------+-----
Axes           | 3 |  3.3
Armour         | 4 |  4.0
Fighting       | |  3.9
Dodging        | |  0.2
Shields        | |  3.7

Action                   || total
-------------------------++-------
Melee: War axe           ||   110
  Eat: Chunk             ||     1
Armor: Scale mail        ||    65
Dodge: Dodged            ||    51
Block: Shield            ||    64

Table legend:
 A = Spawn XP
 B = Non-spawn XP
 C = Spawn XP percentage of total XP
 D = Spawn monster count
 E = Non-spawn monster count
 F = Spawn count percentage of total count
 G = Total turns spent on level
                    A         B        C        D         E        F      G
               +---------+---------+-------+---------+---------+-------+---------
         Total |       0 |      72 |   0.0 |       0 |      34 |   0.0 |  1101
               +---------+---------+-------+---------+---------+-------+---------
           D:1 |       0 |      55 |   0.0 |       0 |      30 |   0.0 |  1001
           D:2 |       0 |      17 |   0.0 |       0 |       4 |   0.0 |   100
               +---------+---------+-------+---------+---------+-------+---------
